 Dungeon Crawl Stone Soup version 0.32-a0-42-ga30500b4d3 (webtiles) character file.

Game seed: 5239998702019489942

2475 cforsyth the Fighter (level 9, 0/65 (72) HPs)
             Began as a Djinni Reaver on Jan 28, 2024.
             Slain by an orc
             ... wielding a +0 long sword
              (8 damage)
             ... on level 6 of the Dungeon.
             The game lasted 00:08:41 (6370 turns).

cforsyth the Fighter (Djinni Reaver)                Turns: 6370, Time: 00:08:42

HP:   0/65 (72)     AC:  4    Str: 20    XL:     9   Next: 80%
Gold: 141           EV: 12    Int: 24    God:
                    SH:  0    Dex: 13

rFire   + + +        p - +0 mace of Mousocei {flame, Str+3}
rCold   x . .        (no shield)
rNeg    . . .        v - +1 leather armour of Magic {rF+ Slay+6}
rPois   ∞            (no helmet)
rElec   .            (no cloak)
rCorr   .            (no gloves)
SInv    .            (boots unavailable)
Will    .....        (no amulet)
Stlth   +            q - +6 ring of intelligence
HPRegen 0.30/turn    y - +6 ring of strength
MPRegen 0.00/turn

%: infuse magic (-1 HP)
@: flying, drained
A: sickness immunity, fire resistance 2, cold vulnerability 1, float, innate
caster, HP casting, extra vitality 1
a: no special abilities


You were on level 6 of the Dungeon.
You visited 1 branch of the dungeon, and saw 6 of its levels.

You collected 256 gold pieces.
You spent 115 gold pieces at shops.

Inventory:

Hand Weapons
 p - the +0 mace of Mousocei (weapon) {flame, Str+3}
   (You found it on level 4 of the Dungeon)

   Str+3:     It affects your strength (+3).
Missiles
 m - a throwing net
Armour
 b - a +0 leather armour
 v - the +1 leather armour of Magic (worn) {rF+ Slay+6}
   (You found it on level 6 of the Dungeon)

   Slay+6:    It affects your accuracy & damage with ranged weapons and melee
   (+6).
   rF+:       It protects you from fire.
Jewellery
 q - a +6 ring of intelligence (left hand)
 y - a +6 ring of strength (right hand)
Wands
 k - a wand of roots (8)
 r - a wand of paralysis (15)
Scrolls
 c - 7 scrolls of identify {unknown}
 d - a scroll of amnesia {unknown}
 e - 4 scrolls of fog {unknown}
 g - 2 scrolls of enchant weapon {unknown}
 n - 5 scrolls of teleportation
 o - 3 scrolls of blinking
 s - a scroll of brand weapon {unknown}
 u - a scroll of torment {unknown}
 w - a scroll of vulnerability {unknown}
Potions
 a - a potion of curing {unknown}
 f - 2 potions of mutation {unknown}
 h - 2 potions of heal wounds {unknown}
 i - 2 potions of lignification {unknown}
 j - a potion of berserk rage {unknown}
 l - a potion of degeneration {unknown}
 t - a potion of might {unknown}
 x - a potion of brilliance {unknown}


   Skills:
 + Level 9.3 Fighting
 - Level 2.6 Short Blades
 - Level 2.1 Dodging
 + Level 7.4 Spellcasting
 + Level 7.4 Conjurations
 + Level 7.4 Hexes
 + Level 7.4 Summonings
 + Level 7.4 Necromancy
 + Level 7.4 Translocations
 + Level 7.4 Fire Magic
 + Level 7.4 Ice Magic
 + Level 7.4 Air Magic
 + Level 7.4 Earth Magic
 + Level 7.4 Alchemy


You knew the following spells:

 Your Spells              Type           Power      Damage    Failure   Level
a - Kiss of Death         Conj/Necr      100%       2d13      1%          1
b - Momentum Strike       Conj/Tloc      88%        3d10      1%          2
c - Hailstorm             Conj/Ice       44%        3d9       1%          3
d - Foxfire               Conj/Fire      100%       2x1d9     1%          1
e - Call Imp              Summ           88%        N/A       1%          2
f - Sigil of Binding      Hex            44%        N/A       1%          3
g - Sticky Flame          Fire/Alch      44%        2d8       3%          4
Your spell library was empty.

Dungeon Overview and Level Annotations

Branches:
Dungeon (6/15)
 Temple: D:4-7

Altars:
Elyvilon
Gozag
Okawaru
Trog
Zin
The Shining One

Shops:
D:4 ?

Annotations:
D:6 3 runed translucent doors, ggggg's ghost, novice MiFi


Innate Abilities, Weirdness & Mutations

You are immune to sickness and miasma.
You are immune to poison.
Your flesh is very heat resistant. (rF++)
You are vulnerable to cold. (rC-)
You float through the air rather than walking.
You learn spells naturally, not from books.
Your magical power is your life essence.
You have superior vitality. (+4 MHP)


Message History

The orc is moderately wounded.
You thump the orc! You burn the orc.
You kill the orc!
The sky beast flickers out of sight!
Deactivating autopickup; reactivate with Ctrl-A.
You miss something. Something hits you. Something shocks you.
Something hits you. Something shocks you.
You miss something. Something hits you but does no damage.
The orc throws a stone.
The stone closely misses you.
You hit something but do no damage. Something hits you but does no damage.
The orc throws a stone.
The stone barely misses you. Something hits you. Something shocks you.
You miss something. Something hits you but does no damage.
You hit something. You burn something. Something hits you.
Something shocks you.
You barely miss something. Something hits you. Something shocks you.
Something hits you but does no damage.
You barely miss something. Your punch misses something.
The orc throws a stone.
The stone hits you. Something hits you. Something shocks you.
The orc throws a stone.
The stone hits you but does no damage.
You sock something! You burn something. Something hits you.
Something shocks you.
* * * LOW HITPOINT WARNING * * *
Something completely misses you.
You closely miss something. Something hits you.
* * * LOW HITPOINT WARNING * * *
Something shocks you.
* * * LOW HITPOINT WARNING * * *
Casting: Foxfire (safe; 1% risk of failure)
Confirm with . or Enter, or press ? or * to list all spells.
Aiming: Kiss of Death (safe; 1% risk of failure)
Press: ? - help, Shift-Dir - straight line The negative energy hits something!
Reactivating autopickup.
You feel a bit more experienced.
You feel drained.
* * * LOW HITPOINT WARNING * * *
You barely miss the orc. The orc hits you with a +0 long sword.
* * * LOW HITPOINT WARNING * * *
The orc hits you with a +0 long sword!
You die...

#######..........#
#######..........#
......'..........#
#######..........#
#................#
#.#####......†...#
#.##.............#
#.##.#<).........#
#.##.####.#.#.##@#
#.......#...#.##o#
#####.#.#####.##o###
......#.......##...#
##################÷#
#.....oo..###...#Y#
#......#~..#'.8.#.#
#......##...#...#Y#
..###...'##).#...#.#


You could see 2 orcs.

Vanquished Creatures
  Pikel (D:6)
  Sigmund (D:6)
  Edmund (D:6)
  A water moccasin (D:6)
  An ice beast (D:6)
  A sky beast (D:6)
  3 black bears
  3 ogres
  A phantom (D:6)
  A kobold brigand (D:6)
  4 scorpions
  A howler monkey (D:6)
  A bombardier beetle (D:5)
  3 orc priests
  5 hounds
  A gnoll bouda (D:6)
  Natasha (thrice) (D:2)
  An orc wizard (D:3)
  5 adders
  A white imp (D:6)
  An ufetubus (D:6)
  2 dart slugs (D:4)
  3 ribbon worms
  17 orcs
  5 bats
  5 endoplasms
  2 giant cockroaches
  5 goblins
  8 hobgoblins
  4 quokkas
  9 ball pythons
  2 frilled lizards
  9 kobolds
  3 rats
114 creatures vanquished.

Vanquished Creatures (others)
  445 foxfires
445 creatures vanquished.

Grand Total: 559 creatures vanquished

Notes
Turn   | Place    | Note
-------+----------+-------------------------------------------
     0 | D:1      | cforsyth the Djinni Reaver began the quest for the Orb.
     0 | D:1      | cforsyth set off with the following spells memorised: Kiss
                  | of Death, Momentum Strike, Hailstorm.
     0 | D:1      | Reached XP level 1. HP: 18/18 MP: 0/0
   107 | D:1      | Found a faded altar of an unknown god.
   122 | D:1      | Reached XP level 2. HP: 9/23 MP: 0/0
   734 | D:2      | Noticed Natasha
   879 | D:2      | Reached XP level 3. HP: 29/29 MP: 0/0
   879 | D:2      | Learned a level 1 spell: Foxfire
  1080 | D:2      | Killed Natasha
  1081 | D:2      | Reached skill level 3 in Fighting
  1081 | D:2      | Reached XP level 4. HP: 31/35 MP: 0/0
  1123 | D:2      | Noticed Natasha
  1130 | D:2      | Killed Natasha
  1511 | D:2      | Noticed Natasha
  1523 | D:2      | Killed Natasha
  1524 | D:2      | Reached XP level 5. HP: 27/41 MP: 0/0
  1524 | D:2      | Learned a level 2 spell: Call Imp
  1809 | D:3      | Reached skill level 4 in Fighting
  2009 | D:3      | Found a bloodstained altar of Trog.
  2439 | D:3      | Found an iron altar of Okawaru.
  2446 | D:3      | Reached XP level 6. HP: 43/47 MP: 0/0
  2772 | D:4      | Reached skill level 5 in Fighting
  2772 | D:4      | Reached XP level 7. HP: 42/54 MP: 0/0
  2772 | D:4      | Learned a level 3 spell: Sigil of Binding
  2815 | D:4      | Found Ithruz's Magic Scroll Shoppe.
  2822 | D:4      | Bought a scroll of blinking for 82 gold pieces
  2822 | D:4      | Bought a scroll of teleportation for 33 gold pieces
  2934 | D:4      | Identified the +0 mace of Mousocei {flame, Str+3}
  3244 | D:4      | Found a glowing golden altar of the Shining One.
  3244 | D:4      | Found a white marble altar of Elyvilon.
  3245 | D:4      | Found a glowing silver altar of Zin.
  3632 | D:5      | Entered Level 5 of the Dungeon
  3727 | D:5      | Found an opulent altar of Gozag.
  3779 | D:5      | Reached skill level 5 in Spellcasting
  3779 | D:5      | Reached skill level 5 in Conjurations
  3779 | D:5      | Reached skill level 5 in Hexes
  3779 | D:5      | Reached skill level 5 in Summonings
  3779 | D:5      | Reached skill level 5 in Necromancy
  3779 | D:5      | Reached skill level 5 in Translocations
  3779 | D:5      | Reached skill level 5 in Fire Magic
  3779 | D:5      | Reached skill level 5 in Ice Magic
  3779 | D:5      | Reached skill level 5 in Air Magic
  3779 | D:5      | Reached skill level 5 in Earth Magic
  3779 | D:5      | Reached skill level 5 in Alchemy
  3786 | D:5      | Reached skill level 6 in Fighting
  3813 | D:5      | Reached XP level 8. HP: 43/61 MP: 0/0
  4334 | D:5      | Identified the +2 ring mail of Valiance {rElec rCorr Str-2
                  | Dex-5}
  4856 | D:6      | Identified the +1 leather armour of Magic {rF+ Slay+6}
  5109 | D:6      | Reached skill level 7 in Fighting
  5204 | D:6      | Noticed Sigmund
  5209 | D:6      | Killed Sigmund
  5245 | D:6      | Noticed Pikel
  5248 | D:6      | Noticed Edmund
  5264 | D:6      | Killed Pikel
  5265 | D:6      | Reached skill level 8 in Fighting
  5265 | D:6      | Reached XP level 9. HP: 38/71 MP: 0/0
  5265 | D:6      | Learned a level 4 spell: Sticky Flame
  5267 | D:6      | Killed Edmund
  5623 | D:6      | Found a runed translucent gate.
  5624 | D:6      | Found a runed translucent gate.
  5624 | D:6      | Found a runed translucent gate.
  5626 | D:6      | Noticed ggggg's ghost (novice MiFi)
  5689 | D:6      | Identified the storm talisman of the Morning Star {+Blink}
  6102 | D:6      | Reached skill level 9 in Fighting
  6370 | D:6      | Slain by an orc

Illustrated notes

Levels and vault maps discovered:
D:1:      scummos_arrival_simple_fountains, layout_basic,
          nicolae_ecumenical_snake_handling, chequers_big_river,
          nicolae_kite_square_tiling_tiny
D:2:      layout_basic, uniq_natasha
D:3:      layout_basic, trog_hazing_becter, okawaru_gym_becter,
          due_unseen_surprise
D:4:      layout_basic, good_gods_mini_temple, serial_shops, nicolae_shop_trees
D:5:      layout_layer_cave, mainiacjoe_overflow_small_starburst
D:6:      minmay_chambers_of_threes, layout_basic, ebering_ghost_rock_garden,
          uniq_sigmund, uniq_pikel, uniq_edmund

Skill      XL: |  1  2  3  4  5  6  7  8  9 |
---------------+----------------------------+-----
Spellcasting   | 3 4 5 6 7 |  7.4
Conjurations   | 3 4 5 6 7 |  7.4
Hexes          | 3 4 5 6 7 |  7.4
Summonings     | 3 4 5 6 7 |  7.4
Necromancy     | 3 4 5 6 7 |  7.4
Translocations | 3 4 5 6 7 |  7.4
Fire Magic     | 3 4 5 6 7 |  7.4
Ice Magic      | 3 4 5 6 7 |  7.4
Air Magic      | 3 4 5 6 7 |  7.4
Earth Magic    | 3 4 5 6 7 |  7.4
Alchemy        | 3 4 5 6 7 |  7.4
Fighting       | 3 4 5 6 8 9 |  9.3
Short Blades   | |  2.6
Dodging        | |  2.1

Action                     |  1- 3 |  4- 6 |  7- 9 || total
---------------------------+-------+-------+-------++-------
  Melee: Short sword       |    85 |     9 |       ||    94
         Mace              |       |       |    62 ||    62
   Cast: Momentum Strike   |     1 |       |     1 ||     2
         Foxfire           |     8 |   112 |   128 ||   248
         Kiss of Death     |       |       |     2 ||     2
         Sticky Flame      |       |       |     1 ||     1
 Armour: Leather armour    |    47 |    31 |    80 ||   158
  Dodge: Dodged            |    51 |    29 |    51 ||   131

Table legend: (Time is in decaauts)
 A = Elapsed time spent in this place.
 B = Non-inter-level travel time spent in this place.
 C = Inter-level travel time spent in this place.
 D = Time resting spent in this place.
 E = Time spent auto-exploring this place.
 F = Levels seen in this place.
 G = Mean time per level.
                   A        B        C        D        E       F      G
               +--------+--------+--------+--------+--------+-----+--------+
         Total |   6380 |   6254 |    126 |    261 |   4981 |   6 | 1063.3 |
       Dungeon |   6380 |   6254 |    126 |    261 |   4981 |   6 | 1063.3 |
               +--------+--------+--------+--------+--------+-----+--------+

Top non-repeatable levels by time:
     D:5: 1484 daAuts
     D:6: 1277 daAuts
     D:4: 1103 daAuts
     D:2: 886 daAuts
     D:1: 817 daAuts
     D:3: 811 daAuts
